 Dungeon Crawl Stone Soup version 0.24-a0-160-gfa3a8d6 (console) character file.

Game seed: 7520255335237169667

22 Duffy the Chopper (level 2, -1/26 HPs)
             Began as a Naga Gladiator on Mar 5, 2019.
             Slain by a hobgoblin
             ... wielding a cursed +0 club
              (6 damage)
             ... on level 1 of the Dungeon.
             The game lasted 00:00:32 (954 turns).

Duffy the Chopper (Naga Gladiator)                   Turns: 954, Time: 00:00:33

Health: -1/26      AC:  3    Str: 16    XL:     2   Next: 91%
Magic:  2/2        EV: 10    Int:  8    God:
Gold:   40         SH:  0    Dex: 12    Spells: 1/1 levels left

rFire    . . .     SeeInvis +   a - +0 war axe
rCold    . . .     Gourm    .   (no shield)
rNeg     . . .     Faith    .   b - +0 leather armour
rPois    +         Spirit   .   c - +0 helmet
rElec    .         Reflect  .   (no cloak)
rCorr    .         Harm     +   (no gloves)
MR       .....                  (no barding)
Stlth    +.........             g - amulet of harm
HPRegen  0.08/turn              (no ring)
MPRegen  0.08/turn              (no ring)

@: very slow
A: large, see invisible, deformed body, poison resistance, slowness 2, slow
metabolism 1, spit poison 1, AC +0
a: Spit Poison


You were on level 1 of the Dungeon.
You were not hungry.

You visited 1 branch of the dungeon, and saw 1 of its levels.

You collected 40 gold pieces.

Inventory:

Hand Weapons
 a - a +0 war axe (weapon)
Missiles
 d - 3 throwing nets (quivered)
Armour
 b - a +0 leather armour (worn)
 c - a +0 helmet (worn)
Jewellery
 g - an amulet of harm (around neck)
Scrolls
 e - a scroll of magic mapping {unknown}
 i - a scroll of enchant armour {unknown}
Comestibles
 f - a ration


   Skills:
 - Level 2.0 Fighting
 + Level 4.0 Axes
 - Level 1.7 Throwing
 - Level 2.4 Dodging


You had one spell level left.
You didn't know any spells.
Your spell library was empty.

Dungeon Overview and Level Annotations

Branches:
Dungeon (1/15)

Altars:


Innate Abilities, Weirdness & Mutations

You cannot wear boots.
Your serpentine skin is tough. (AC +0)
You have supernaturally acute eyesight. (SInv)
Armour fits poorly on your strangely shaped body.
Your system is resistant to poisons. (rPois)
You cover ground very slowly.
You have a slow metabolism.
You can spit poison.


Message History

You slash the jackal!
You kill the jackal!
You barely miss the jackal. The jackal closely misses you.
The jackal bites you but does no damage.
You completely miss the jackal. You barely miss the jackal.
The jackal bites you but does no damage.
The jackal misses you. The jackal bites you.
A jackal comes into view.
You slash the jackal!
You kill the jackal!
Your Axes skill increases to level 4!
You slash the jackal!
You kill the jackal!
The hobgoblin closely misses you.
You completely miss the hobgoblin. The jackal bites you.
The hobgoblin closely misses you.
You closely miss the hobgoblin. You closely miss the jackal.
The jackal completely misses you.
The hobgoblin hits you with a cursed +0 club.
You die...

.. #. .### #. #>#.#
##.###..# .......### ## #
#.......##.#
....####h.....#.#####
.......@g...........#####
..............##.........
###....(.....).).##.####.
#...######...#..##..)..(
#..# #$###..#######. #..#
...# #..# #. ... #...#
#..# ## #. ##..# #..#
##.# #..#


You could see a jackal and a hobgoblin.

Vanquished Creatures
  A leopard gecko (D:1)
  4 hobgoblins (D:1)
  7 jackals (D:1)
  A bat (D:1)
  6 kobolds (D:1)
19 creatures vanquished.

Notes
Turn   | Place    | Note
-------+----------+-------------------------------------------
     0 | D:1      | Duffy the Naga Gladiator began the quest for the Orb.
     0 | D:1      | Reached XP level 1. HP: 19/19 MP: 1/1
   415 | D:1      | Reached XP level 2. HP: 24/26 MP: 2/2
   952 | D:1      | Reached skill level 4 in Axes
   954 | D:1      | Slain by a hobgoblin

Levels and vault maps discovered:
D:1:      lightli_arrival_noodles, layout_loops_ring, minmay_cupped

Skill      XL: |  1  2 |
---------------+-------+-----
Axes           | 4 |  4.0
Fighting       | |  2.0
Throwing       | |  1.7
Dodging        | |  2.4

Action                   || total
-------------------------++-------
Melee: War axe           ||    54
Armor: Leather armour    ||    12
Dodge: Dodged            ||    36

Table legend:
 A = Non-vault XP
 B = Vault XP
 C = Vault XP percentage of total XP
 D = Non-vault monster count
 E = Vault monster count
 F = Vault count percentage of total count
                 A         B        C        D         E       F
            +---------+---------+-------+---------+---------+-------
      Total |      23 |       9 |  28.1 |      14 |       5 |  26.3
            +---------+---------+-------+---------+---------+-------
        D:1 |      23 |       9 |  28.1 |      14 |       5 |  26.3
            +---------+---------+-------+---------+---------+-------
